 Dungeon Crawl Stone Soup version 0.31.0-9-g3a7656b989 (webtiles) character file.

Game seed: 6287260848294337715

2106 Malachi the Grappler (level 9, -7/71 (80) HPs)
             Began as a Troll Shapeshifter on Jan 24, 2024.
             Was an Initiate of Ru.
             Mangled by a wight
             ... wielding a +4 halberd
              (10 damage)
             ... on level 5 of the Dungeon.
             The game lasted 00:07:35 (4458 turns).

Malachi the Grappler (Troll Shapeshifter)           Turns: 4458, Time: 00:07:36

HP:   -7/71 (80)    AC:  4    Str: 27    XL:     9   Next: 7%
MP:   8/8           EV:  9    Int: 10    God:    Ru [......]
Gold: 205           SH:  0    Dex:  8    Spells: 8/8 levels left

rFire   . .          .
                       - Unarmed
rCold   + . .        (no shield)
rNeg    + . .        a - +0 animal skin
rPois   .            (helmet currently unavailable)
rElec   .            (cloak currently unavailable)
rCorr   .            (gloves unavailable)
SInv    .            (boots unavailable)
Will    .....        (no amulet)
Stlth   +            e - ring of positive energy
HPRegen 1.11/turn    h - ring of protection from cold
MPRegen 0.11/turn

%: no passive effects
@: beast-form, heavily drained, invisible
A: beast (slay +4), large, unfitting armour, claws 3, regeneration 1, shaggy fur
1, tough skin 1, talons 1, clever 1, sense surroundings 1, MP-powered wands
a: Begin Untransformation, Renounce Religion


You were on level 5 of the Dungeon.
You worshipped Ru.
Ru was noncommittal.
You were a hulking beast.
You visited 2 branches of the dungeon, and saw 7 of its levels.
You also visited: Sewer and Ossuary.

You collected 205 gold pieces.

Inventory:

Armour
 a - a +0 animal skin (worn)
 m - a scarf of harm
 s - a +0 cloak
Jewellery
 e - a ring of positive energy (left claw)
 h - a ring of protection from cold (right claw)
Talismans
 c - a beast talisman
 d - a flux talisman
Scrolls
 i - 2 scrolls of enchant weapon
 k - 3 scrolls of revelation
 n - 2 scrolls of noise
 u - a scroll of immolation
Potions
 b - 5 potions of lignification
 g - 3 potions of curing
 l - 3 potions of attraction
 o - a potion of resistance {unknown}
 p - 2 potions of invisibility
 q - 5 potions of haste


   Skills:
 + Level 2.5 Fighting
 - Level 1.5 Dodging
 + Level 1.3 Stealth
 + Level 9.3 Unarmed Combat
 * Level 7.1 Shapeshifting


You had 8 spell levels left.
You didn't know any spells.
Your spell library contained the following spells:

 Spells                   Type           Power      Damage    Failure   Level
 Call Canine Familiar     Summ           0%         N/A       75%         3
 Fugue of the Fallen      Necr           0%         N/A       75%         3
 Ozocubu's Armour         Ice            0%         N/A       75%         3
 Sigil of Binding         Hex            0%         N/A       75%         3
 Dimensional Bullseye     Hex/Tloc       0%         N/A       98%         4
 Manifold Assault         Tloc           0%         N/A       98%         4


Dungeon Overview and Level Annotations

Branches:
Dungeon (6/15)             Temple (1/1) D:5           Sewer (visited)
Ossuary (visited)

Altars:
Ashenzari
Elyvilon
Fedhas
Gozag
Hepliaklqana
Kikubaaqudgha
Makhleb
Nemelex Xobeh
Okawaru
Ru
Sif Muna
Uskayaw
Wu Jian
Xom
Yredelemnul
The Shining One


Innate Abilities, Weirdness & Mutations

You are a hulking beast.
Your limbs bulge with bestial killing power. (Slay +4)
You are too large for most types of armour.
You have claws for hands.
Your natural rate of healing is unusually fast.
You are covered in fur. (AC +1)
You have tough skin. (AC +1)
You have sharp toenails.
Your mind is acute. (Int +4, Str/Dex -1)
You passively map a small area around you.
You expend magic power (3 MP) to strengthen your wands.


Message History

There are monsters nearby!
You claw the wight!
The wight is severely damaged.
You barely miss the wight. You claw the wight.
The wight is severely damaged.
The wight hits you with a +1 halberd of freezing.
The wight freezes you.
A wight comes into view. It is wielding a +4 halberd.
You closely miss the wight. You claw the wight, but do no damage.
The wight is severely damaged.
The wight hits you with a +4 halberd! You partially resist.
You feel drained. The wight completely misses you.
You scratch the wight but do no damage. You claw the wight, but do no damage.
The wight is severely damaged.
The wight hits you with a +4 halberd!
The wight hits you with a +1 halberd of freezing!
You partially resist.
You feel drained. The wight freezes you. The wight closely misses you.
The wight hits you with a +1 halberd of freezing.
You partially resist.
You feel drained. The wight hits you with a +4 halberd! You partially resist.
You feel drained. The wight hits you with a +3 mace!
* * * LOW HITPOINT WARNING * * *
You partially resist.
You feel drained.
* * * LOW HITPOINT WARNING * * *
You climb upwards.
There is a stone staircase leading down here.
The wight hits you from afar with a +4 halberd.
* * * LOW HITPOINT WARNING * * *
You partially resist.
You feel drained. The wight attacks as it pursues you!
The wight closely misses you.
The wight hits you from afar with a +1 halberd of freezing!
* * * LOW HITPOINT WARNING * * *
The wight freezes you.
* * * LOW HITPOINT WARNING * * *
The wight attacks as it pursues you! The wight barely misses you.
Okay, then.
Okay, then.
You fade into invisibility!
The wight hits you from afar with a +4 halberd!
You die...

....#.....# #.#....#..####.....##
##..#..##.###..................##
......##...####..#..#(####.....'.
####.###..............# #.....##
### #.###..##..###.####.....# #.#
##.....#.........#.## #.#
####z.....#######.# ###
#.#####.#zzz.#...#####'###
..######.#.....#h##.#.#.##.......
.........#.###.#.##.#.#.##.......
..########.###.#.##.#.#.##.......
..# #..........#.#.#.......###
#.#### #.......#..#.#......######
.....# #<......#..#.######.......
.....# #.......#..#.# #......#
.....###............# #......#
....................# #......#


You could see 4 wights.

Vanquished Creatures
  Sigmund (D:2)
  Eustachio (D:5)
  An ice beast (D:5)
  An ogre (D:5)
  A phantom (D:4)
  5 kobold brigands (Sewer)
  A brain worm (Sewer)
  3 elf zombies (Ossuary)
  2 scorpions
  A bombardier beetle (D:5)
  4 centaur zombies (Ossuary)
  A hound (D:5)
  4 human zombies (Ossuary)
  3 orc priests
  2 iguanas (D:5)
  An orc wizard (D:4)
  3 mummies (Ossuary)
  10 river rats (D:5)
  8 adders
  A white imp (D:5)
  An ufetubus (D:5)
  4 dart slugs
  A ribbon worm (D:2)
  11 orcs
  11 bats
  6 endoplasms
  4 giant cockroaches
  5 goblins
  7 hobgoblins
  8 jackals
  11 quokkas
  9 ball pythons
  A frilled lizard (D:2)
  A jackal zombie (D:5)
  20 kobolds
  22 rats
176 creatures vanquished.

Notes
Turn   | Place    | Note
-------+----------+-------------------------------------------
     0 | D:1      | Malachi the Troll Shapeshifter began the quest for the Orb.
     0 | D:1      | Reached XP level 1. HP: 18/18 MP: 0/0
   203 | D:1      | Reached XP level 2. HP: 26/26 MP: 1/1
   341 | D:1      | Reached skill level 1 in Fighting
   573 | D:2      | Reached XP level 3. HP: 32/33 MP: 2/2
   585 | D:2      | Found a burning altar of Makhleb.
   683 | D:2      | Noticed Sigmund
   707 | D:2      | Gained mutation: You have sharp toenails. [potion of
                  | mutation]
   707 | D:2      | Gained mutation: You are partially covered in iridescent
                  | scales. (AC +2) [potion of mutation]
   707 | D:2      | Gained mutation: You have very sharp teeth. [potion of
                  | mutation]
   710 | D:2      | Killed Sigmund
   711 | D:2      | Reached skill level 4 in Unarmed Combat
   711 | D:2      | Reached XP level 4. HP: 10/41 MP: 3/3
   711 | D:2      | Reached XP level 5. HP: 12/48 MP: 4/4
  2027 | D:4      | Found an opulent altar of Gozag.
  2088 | D:4      | Reached skill level 5 in Unarmed Combat
  2088 | D:4      | Reached XP level 6. HP: 55/55 MP: 5/5
  2229 | D:4      | Reached skill level 5 in Shapeshifting
  2494 | D:4      | Found a glowing drain.
  2517 | Sewer    | Entered a sewer
  2573 | Sewer    | Reached skill level 6 in Unarmed Combat
  2573 | Sewer    | Reached XP level 7. HP: 26/62 MP: 6/6
  2780 | Sewer    | Reached skill level 1 in Stealth
  2911 | D:4      | Found a hazy altar of Hepliaklqana.
  2915 | D:4      | Reached skill level 7 in Unarmed Combat
  3089 | D:5      | Entered Level 5 of the Dungeon
  3109 | D:5      | Reached XP level 8. HP: 72/72 MP: 7/7
  3134 | D:5      | Found a shimmering altar of Xom.
  3556 | D:5      | Found a staircase to the Ecumenical Temple.
  3576 | D:5      | Noticed Eustachio
  3595 | D:5      | Killed Eustachio
  3596 | D:5      | Reached skill level 8 in Unarmed Combat
  3676 | D:5      | Found a sand-covered staircase.
  3687 | Ossuary  | Entered an ossuary
  3752 | Ossuary  | Lost mutation: You have sharp toenails. [potion of
                  | mutation]
  3752 | Ossuary  | Lost mutation: You have very sharp teeth. [potion of
                  | mutation]
  3752 | Ossuary  | Lost mutation: You are partially covered in iridescent
                  | scales. (AC +2) [potion of mutation]
  3752 | Ossuary  | Gained mutation: You are frail. (-10% HP) [potion of
                  | mutation]
  3752 | Ossuary  | Gained mutation: You sometimes lose your temper in combat.
                  | [potion of mutation]
  3753 | Ossuary  | Lost mutation: You sometimes lose your temper in combat.
                  | [potion of mutation]
  3753 | Ossuary  | Lost mutation: You are frail. (-10% HP) [potion of
                  | mutation]
  3753 | Ossuary  | Gained mutation: You are frail. (-10% HP) [potion of
                  | mutation]
  3754 | Ossuary  | Lost mutation: You are frail. (-10% HP) [potion of
                  | mutation]
  3754 | Ossuary  | Gained mutation: Your mind is acute. (Int +4, Str/Dex -1)
                  | [potion of mutation]
  3754 | Ossuary  | Gained mutation: Your spells are a little easier to cast,
                  | but a little less powerful. [potion of mutation]
  3754 | Ossuary  | Gained mutation: You passively map a small area around you.
                  | [potion of mutation]
  3754 | Ossuary  | Gained mutation: Your flesh is heat resistant. (rF+)
                  | [potion of mutation]
  3795 | Ossuary  | Reached skill level 9 in Unarmed Combat
  4060 | D:5      | Reached XP level 9. HP: 80/80 MP: 8/8
  4412 | Temple   | Entered the Ecumenical Temple
  4418 | Temple   | Lost mutation: Your spells are a little easier to cast, but
                  | a little less powerful. [potion of mutation]
  4418 | Temple   | Lost mutation: Your flesh is heat resistant. (rF+) [potion
                  | of mutation]
  4418 | Temple   | Gained mutation: You have sharp toenails. [potion of
                  | mutation]
  4418 | Temple   | Gained mutation: You expend magic power (3 MP) to
                  | strengthen your wands. [potion of mutation]
  4426 | Temple   | Became a worshipper of Ru the Awakened
  4450 | D:6      | Found an iron altar of Okawaru.
  4457 | D:5      | HP: 2/71 [wight/+1 halberd of freezing (2)]
  4458 | D:5      | Mangled by a wight

Illustrated notes

Levels and vault maps discovered:
D:1:      nicolae_arrival_somewhat_less_tricky_arrival, layout_rooms,
          minmay_misc_feat_room
D:2:      layout_basic, basic_altar, serial_co_window_serial, co_window_paths_b,
          co_window_corner_a, co_window_corner_a, co_window_of_opportunity_a,
          co_window_paths_b, co_window_of_opportunity_b, co_window_2corner,
          co_window_of_opportunity_c, co_window_2corner,
          co_window_unsneaky_path_e, co_window_4corner_b, glass_columns_b,
          glass_columns_a, uniq_sigmund
D:3:      layout_basic
D:4:      layout_basic, lemuel_crystal_altar, lemuel_tele_altar,
          portal_sewer_entry_f
D:5:      lemuel_ratsnest, layout_basic, mainiacjoe_overflow_tiny_flanked,
          minmay_temple_entry_arrows, enter_ossuary_3,
          chequers_serial_rivers_micro_b, uniq_eustachio
D:6:      layout_loops_ring, okawaru_ov_weapons_minmay,
          gammafunk_temple_overflow_wave, mainiacjoe_overflow_24_doors,
          ebering_ghost_rock_garden
Temple:   nicolae_temple_no_exploring_needed

Skill      XL: |  1  2  3  4  5  6  7  8 |
---------------+-------------------------+-----
Fighting       | 1 2 |  2.5
Unarmed Combat | 4 5 6 7 9 |  9.3
Shapeshifting  | 4 5 7 |  7.1
Stealth        | 1 |  1.3
Dodging        | |  1.5

Action                     |  1- 3 |  4- 6 |  7- 9 || total
---------------------------+-------+-------+-------++-------
  Melee: Unarmed           |    60 |   121 |   230 ||   411
         Kick              |       |    19 |    50 ||    69
         Bite              |       |    13 |    16 ||    29
         Punch             |       |       |     7 ||     7
    Use: Potion            |     1 |       |     5 ||     6
         Scroll            |       |     4 |     9 ||    13
   Stab: Sleeping          |       |     1 |     1 ||     2
 Armour: Animal skin       |    47 |    84 |   150 ||   281
  Dodge: Dodged            |    18 |    47 |    93 ||   158
